 Dungeon Crawl Stone Soup version 0.25.0-46-gbd7b0854d2 (webtiles) character file.

Game seed: 18186749564406527909

254 Ethylacetat the Gusty (level 6, -7/38 HPs)
             Began as an Octopode Air Elementalist on July 14, 2020.
             Killed by divine providence
             ... invoked by an orc priest
              (13 damage)
             ... on level 4 of the Dungeon.
             The game lasted 00:07:55 (3920 turns).

Ethylacetat the Gusty (Octopode Air Elementalist)   Turns: 3920, Time: 00:07:56

Health: -7/38      AC:  1    Str:  8    XL:     6   Next: 15%
Magic:  10/10      EV: 13    Int: 19    God:
Gold:   198        SH:  0    Dex: 12    Spells: 1/11 levels left

rFire    . . .     SeeInvis .   k - +2 short sword (protect)
rCold    . . .     Gourm    .   (no shield)
rNeg     . . .     Faith    .   (helmet restricted)
rPois    .         Spirit   .   (no amulet)
rElec    .         Reflect  .   (no ring)
rCorr    .         Harm     .   (no ring)
MR       .....                  (no ring)
Stlth    +++.......             (no ring)
HPRegen  0.12/turn              (no ring)
MPRegen  0.12/turn              (no ring)
                                (no ring)
                                (no ring)

@: no status effects
A: almost no armour, stealthy swim, amphibious, 8 rings, constrict 8, camouflage
1, gelatinous body 1
a: no special abilities


You were on level 4 of the Dungeon.
You were not hungry.

You visited 1 branch of the dungeon, and saw 4 of its levels.

You collected 198 gold pieces.

Inventory:

Hand Weapons
 k - a +2 short sword of protection (weapon)
Scrolls
 a - 4 scrolls of remove curse
 d - 3 scrolls of identify {unknown}
 f - a scroll of random uselessness {unknown}
 j - 2 scrolls of teleportation {unknown}
 l - a scroll of noise {unknown}
 m - a scroll of immolation {unknown}
Potions
 e - a potion of resistance {unknown}
 g - a potion of brilliance {unknown}
 h - a potion of degeneration {unknown}
 i - 2 potions of haste {unknown}
 n - a potion of stabbing {unknown}
Comestibles
 b - 4 rations
 c - 3 chunks of flesh


   Skills:
 + Level 1.1 Fighting
 + Level 0.9 Short Blades
 - Level 2.0 Dodging
 - Level 2.6 Stealth
 * Level 3.1 Spellcasting
 * Level 3.4 Conjurations
 * Level 4.5 Air Magic


You had one spell level left.
You knew the following spells:

 Your Spells              Type           Power        Failure   Level  Hunger
a - Shock                 Conj/Air       ###.         3%          1    None
b - Airstrike             Air            ###.......   22%         4    ####...
c - Lightning Bolt        Conj/Air       ###.......   63%         5    ######.

Your spell library contained the following spells:

 Spells                   Type           Power        Failure   Level  Hunger
 Swiftness                Chrm/Air       ##......     9%          2    ##.....
 Static Discharge         Conj/Air       ###.....     9%          3    ###....


Dungeon Overview and Level Annotations

Branches:
Dungeon (4/15)
 Temple: D:4-7

Altars:
Dithmenos
Fedhas
Gozag
Okawaru


Innate Abilities, Weirdness & Mutations

You cannot wear most types of armour.
You are very stealthy in the water. (Stealth+)
You are amphibious.
You can wear up to eight rings at the same time.
You can use your tentacles to constrict eight enemies at once.
Your skin changes colour to match your surroundings (Stealth+).
Your rubbery body absorbs attacks. (AC +1, EV +1)


Message History

An orc comes into view. It is wielding a +0 trident.
An orc comes into view.
The orc wizard hits you but does no damage.
You release your grip on the orc wizard.
An orc comes into view. It is wielding a +0 hand axe.
The orc wizard points at you and mumbles some strange words.
The magic dart hits you!
The orc priest begins to cast a cantrip, but forgets the words!
The orc wizard hits you but does no damage.
The orc priest invokes the aid of Beogh against you.
Pain shoots through your body!
The orc shouts!
Found a scroll of remove curse.
You hear a shout!
The orc wizard gestures at you while chanting.
The magic dart hits you!
* * * LOW HITPOINT WARNING * * *
The orc priest calls down the wrath of Beogh upon you.
Beogh smites you!
You die...

#### ##.?. ....## ....#
...## .. ... #..#.#
#...#.. #.#@###
....#..##.....# #####
............oo###...#
..............a...%.#
............o.......#
.............o......#
.................##..#
..........<...........#
.........o...###......#


You could see a worker ant, an orc priest, an orc wizard and 2 orcs.

Vanquished Creatures
  A crimson imp (D:2)
  A hound (D:4)
  2 worker ants (D:3)
  7 adders
  2 worms (D:2)
  2 dart slugs
  2 leopard geckos
  8 bats
  A giant cockroach (D:3)
  12 goblins
  9 hobgoblins
  6 kobolds
  6 quokkas
  A ball python (D:2)
  5 frilled lizards
  A quokka skeleton (D:4)
  6 rats
72 creatures vanquished.

Notes
Turn   | Place    | Note
-------+----------+-------------------------------------------
     0 | D:1      | Ethylacetat the Octopode Air Elementalist began the quest
                  | for the Orb.
     0 | D:1      | Reached XP level 1. HP: 11/11 MP: 3/3
    32 | D:1      | Reached XP level 2. HP: 16/17 MP: 1/5
  1041 | D:2      | Reached XP level 3. HP: 17/21 MP: 6/6
  1137 | D:2      | Reached XP level 4. HP: 12/27 MP: 2/7
  1440 | D:2      | Reached skill level 4 in Air Magic
  1745 | D:2      | Found a shadowy altar of Dithmenos.
  2127 | D:2      | Reached XP level 5. HP: 25/31 MP: 8/8
  2256 | D:2      | Found an opulent altar of Gozag.
  2260 | D:2      | Found a blossoming altar of Fedhas.
  2260 | D:2      | Found an iron altar of Okawaru.
  3428 | D:4      | Reached skill level 1 in Fighting
  3866 | D:4      | Reached XP level 6. HP: 33/38 MP: 10/10
  3883 | D:3      | Learned a level 4 spell: Airstrike
  3889 | D:3      | Learned a level 5 spell: Lightning Bolt
  3920 | D:4      | Killed from afar by an orc priest

Illustrated notes

Levels and vault maps discovered:
D:1:      nzn_arrival_settlement, layout_basic
D:2:      layout_loops_ring, minitemple, grunt_dithmenos_smoke
D:3:      kennysheep_big_flooded_room, layout_rooms, first_ration
D:4:      layout_cave_pools, cheibrodos_ashenzari_chains

Skill      XL: |  1  2  3  4  5 |
---------------+----------------+-----
Conjurations   | 2 3 |  3.4
Air Magic      | 4 |  4.5
Spellcasting   | 3 |  3.1
Fighting       | 1 |  1.1
Short Blades   | |  0.9
Dodging        | |  2.0
Stealth        | |  2.6

Action                   |  1- 3 |  4- 6 || total
-------------------------+-------+-------++-------
Melee: Unarmed           |    18 |       ||    18
       Constrict         |    18 |    21 ||    39
       Tentacles         |     7 |    12 ||    19
       Dagger            |    34 |    22 ||    56
       Short sword       |       |    81 ||    81
 Cast: Shock             |     9 |    13 ||    22
  Use: Scroll            |       |     1 ||     1
 Stab: Sleeping          |     2 |    20 ||    22
  Eat: Chunk             |     1 |     8 ||     9
Armor: Skin              |    16 |    19 ||    35
Dodge: Dodged            |    43 |    58 ||   101
